 Dungeon Crawl Stone Soup version 0.30-a0-743-gbfdf073431 (webtiles) character file.

Game seed: 4557327675149193738

796 jimonade the Skirmisher (level 7, -2/40 HPs)
             Began as a Deep Elf Hunter on Feb 6, 2023.
             Succumbed to a scorpion's poison
             ... on level 5 of the Dungeon.
             The game lasted 00:07:09 (3835 turns).

jimonade the Skirmisher (Deep Elf Hunter)           Turns: 3835, Time: 00:07:10

Health: -2/40      AC:  5    Str: 14    XL:     7   Next: 58%
Magic:  9/9        EV: 13    Int: 14    God:
Gold:   294        SH:  0    Dex: 20    Spells: 6/6 levels left

rFire   . . .      SeeInvis +    b - +1 short sword (elec)
rCold   . . .      Faith    .    (no shield)
rNeg    . . .      Spirit   .    c - +0 leather armour
rPois   .          Reflect  .    (no helmet)
rElec   .          Harm     .    (no cloak)
rCorr   .          Rampage  .    o - +0 pair of gloves
Will    .....                    d - +0 pair of boots
Stlth   ++                       (no amulet)
HPRegen 0.26/turn                n - +6 ring of strength
MPRegen 0.11/turn                y - ring of see invisible

@: lethally poisoned (-2 -> -16)
A: no striking features
a: no special abilities


You were on level 5 of the Dungeon.
You visited 1 branch of the dungeon, and saw 5 of its levels.

You collected 294 gold pieces.

Inventory:

Hand Weapons
 a - a +0 shortbow
 b - a +1 short sword of electrocution (weapon)
 z - a +2 dagger of draining
Missiles
 v - 7 poisoned darts
Armour
 c - a +0 leather armour (worn)
 d - a +0 pair of boots (worn)
 o - a +0 pair of gloves (worn)
 r - a +0 ring mail
Magical Staves
 u - a staff of air
Jewellery
 n - a +6 ring of strength (left hand)
 y - a ring of see invisible (right hand)
Scrolls
 e - a scroll of poison {unknown}
 f - 2 scrolls of immolation
 g - 3 scrolls of magic mapping {unknown}
 h - a scroll of enchant armour {unknown}
 p - 2 scrolls of identify {unknown}
 q - 2 scrolls of amnesia {unknown}
 s - a scroll of enchant weapon {unknown}
 w - a scroll of blinking {unknown}
 x - a scroll of teleportation {unknown}
Potions
 i - 2 potions of attraction {unknown}
 j - a potion of berserk rage {unknown}
 k - a potion of ambrosia {unknown}
 l - a potion of mutation {unknown}
 m - 2 potions of degeneration {unknown}
 t - 2 potions of curing {unknown}
 A - a potion of might {unknown}
 B - a potion of haste {unknown}


   Skills:
 + Level 2.7 Fighting
 + Level 0.1 Short Blades
 * Level 11.2 Ranged Weapons
 + Level 1.2 Armour
 + Level 2.7 Dodging
 + Level 2.0 Stealth


You had 6 spell levels left.
You didn't know any spells.
Your spell library contained the following spells:

 Spells                   Type           Power      Damage    Failure   Level
 Ensorcelled Hibernation  Hex/Ice        0%         N/A       47%         2
 Lesser Beckoning         Tloc           0%         N/A       47%         2
 Gell's Gravitas          Tloc           0%         N/A       71%         3
 Spider Form              Tmut/Pois      0%         N/A       71%         3
 Teleport Other           Tloc           0%         N/A       71%         3
 Anguish                  Hex/Necr       0%         N/A       98%         4


Dungeon Overview and Level Annotations

Branches:
Dungeon (5/15)
 Temple: D:4-7

Altars:
Makhleb
Ru
Sif Muna
Xom
Zin

Shops:
D:3 *


Message History

You are more poisoned.
The scorpion poisons you!
You hit the scorpion.
The scorpion is heavily wounded.
You feel very sick. The scorpion misses you.
You hit the scorpion but do no damage.
The scorpion is heavily wounded.
You feel very sick. The scorpion stings you.
You hit the scorpion but do no damage.
The scorpion is heavily wounded.
You feel very sick. The scorpion barely misses you.
You hit the scorpion.
The scorpion is severely wounded.
You feel sick. The scorpion stings you!
You are lethally poisoned!
The scorpion poisons you!
You puncture the scorpion!
You kill the scorpion!
* * * LOW HITPOINT WARNING * * *
You feel very sick. The scorpion stings you.
* * * LOW HITPOINT WARNING * * *
You hit the scorpion.
The scorpion is severely wounded.
* * * LOW HITPOINT WARNING * * *
You feel sick. The scorpion stings you.
* * * LOW HITPOINT WARNING * * *
You closely miss the scorpion.
The scorpion is severely wounded.
* * * LOW HITPOINT WARNING * * *
You feel sick. The scorpion stings you.
* * * LOW HITPOINT WARNING * * *
You are more poisoned.
The scorpion poisons you!
You hit the scorpion but do no damage.
The scorpion is severely wounded.
You die...

# .. #.#(#. ##.#.#.
## .>.... !.
######...#.##. #..
.........
#.####.#.##.#
#.#...../.#@# #.#
#.#.)#s#.#.#.
#.#.##.#..........^
#.#.......#.#.#.#.#
#.####.#......#
#...........### #
#......#....#
#.##.######.#.#
#...............


You could see a scorpion.

Vanquished Creatures
  A centaur (D:5)
  A phantom (D:4)
  Blork the orc (D:4)
  A necrophage (D:4)
  A scorpion (D:5)
  An orc priest (D:4)
  A hound (D:4)
  3 iguanas (D:4)
  Terence (D:3)
  4 orc wizards
  4 gnolls (D:3)
  6 adders
  An ufetubus (D:3)
  2 dart slugs
  5 orcs
  5 endoplasms
  2 giant cockroaches
  13 goblins
  4 hobgoblins
  9 jackals
  9 kobolds
  9 quokkas
  9 ball pythons
  2 bats (D:1)
  4 frilled lizards
  3 rats
102 creatures vanquished.

Vanquished Creatures (others)
  A fungus (D:1)
  30 plants (D:3)
31 creatures vanquished.

Grand Total: 133 creatures vanquished

Notes
Turn   | Place    | Note
-------+----------+-------------------------------------------
     0 | D:1      | jimonade the Deep Elf Hunter began the quest for the Orb.
     0 | D:1      | Reached XP level 1. HP: 12/12 MP: 3/3
   145 | D:1      | Reached XP level 2. HP: 16/16 MP: 4/4
   214 | D:1      | Reached skill level 6 in Ranged Weapons
   768 | D:1      | Reached XP level 3. HP: 21/21 MP: 5/5
  1278 | D:2      | Reached skill level 7 in Ranged Weapons
  1278 | D:2      | Reached XP level 4. HP: 26/26 MP: 6/6
  1692 | D:3      | Noticed Terence
  1713 | D:3      | Killed Terence
  1893 | D:3      | Reached XP level 5. HP: 21/30 MP: 7/7
  1900 | D:3      | Reached skill level 8 in Ranged Weapons
  1969 | D:3      | Found Zin's Purification Station.
  1973 | D:3      | Found a glowing silver altar of Zin.
  2569 | D:4      | Noticed Blork the orc
  2574 | D:4      | Killed Blork the orc
  2575 | D:4      | Reached XP level 6. HP: 32/36 MP: 8/8
  2581 | D:3      | Reached skill level 9 in Ranged Weapons
  2670 | D:4      | Reached skill level 1 in Armour
  2875 | D:4      | Reached skill level 10 in Ranged Weapons
  2875 | D:4      | Reached XP level 7. HP: 9/40 MP: 9/9
  3020 | D:4      | Found a burning altar of Makhleb.
  3100 | D:4      | Found a shimmering altar of Xom.
  3159 | D:4      | Found a sacrificial altar of Ru.
  3549 | D:4      | Found a shimmering blue altar of Sif Muna.
  3782 | D:5      | Entered Level 5 of the Dungeon
  3818 | D:5      | Reached skill level 11 in Ranged Weapons
  3834 | D:5      | HP: 2/40 [poisoned by a scorpion]
  3835 | D:5      | Succumbed to a scorpion's poison

Illustrated notes

Levels and vault maps discovered:
D:1:      sevenhm_arrival_forest_fort_small_3, layout_loops_ring,
          minmay_shallow_snake_nest
D:2:      layout_rooms
D:3:      wad_woods_settlement, layout_basic, zin_purify, uniq_terence
D:4:      layout_loops_ring, overflow_temple_1_default, kennysheep_mini,
          mainiacjoe_overflow_brackets, lightli_temple_of_fire,
          skrybe_limestone_x, corner_web_ring, uniq_blork_the_orc
D:5:      layout_basic, minmay_temple_entry_stoned_glass, nicolae_elemental_shop

Skill      XL: |  1  2  3  4  5  6  7 |
---------------+----------------------+-----
Ranged Weapons | 6 7 8 10 11 | 11.2
Fighting       | 2 |  2.7
Armour         | 1 |  1.2
Stealth        | 2 |  2.0
Short Blades   | |  0.1
Dodging        | |  2.7

Action                     |  1- 3 |  4- 6 |  7- 9 || total
---------------------------+-------+-------+-------++-------
  Melee: Short sword       |     6 |       |    12 ||    18
   Fire: Shortbow          |    94 |   179 |    60 ||   333
   Stab: Distracted        |       |       |     1 ||     1
 Armour: Leather armour    |    19 |    16 |     5 ||    40
  Dodge: Dodged            |    33 |    50 |    17 ||   100

Table legend: (Time is in decaauts)
 A = Elapsed time spent in this place.
 B = Non-inter-level travel time spent in this place.
 C = Inter-level travel time spent in this place.
 D = Time resting spent in this place.
 E = Time spent auto-exploring this place.
 F = Levels seen in this place.
 G = Mean time per level.
                   A        B        C        D        E       F      G
               +--------+--------+--------+--------+--------+-----+--------+
         Total |   3874 |   3678 |    196 |    175 |   2774 |   5 |  774.8 |
       Dungeon |   3874 |   3678 |    196 |    175 |   2774 |   5 |  774.8 |
               +--------+--------+--------+--------+--------+-----+--------+

Top non-repeatable levels by time:
     D:4: 1179 daAuts
     D:3: 1120 daAuts
     D:1: 855 daAuts
     D:2: 668 daAuts
     D:5: 51 daAuts
